 Dungeon Crawl Stone Soup version 0.27-a0-562-g0d39f094a4 (webtiles) character file.

Game seed: 16923793344260691093

483119 dickylongcocking the Lord of Darkness (level 24, -15/172 (224) HPs)
             Began as a Naga Venom Mage on Mar 9, 2021.
             Was the Champion of Kikubaaqudgha.
             Killed from afar by a deep elf death mage (29 damage)
             ... with a bolt of negative energy
             ... on level 2 of the Crypt.
             The game lasted 02:13:30 (86369 turns).

dickylongcocking the Lord of Darkness (NaVM)       Turns: 86369, Time: 02:13:32

HP:   -15/172 (224) AC: 26    Str: 15 (16) XL:     24   Next: 22%
MP:   43/44         EV: 20    Int: 24      God:    Kikubaaqudgha [******]
Gold: 4146          SH:  0    Dex: 21      Spells: 12/57 levels left

rFire    + + .     SeeInvis +   H - +4 eudemon blade (holy)
rCold    + . .     Faith    +   K - +0 kite shield
rNeg     . . .     Spirit   .   Y - +3 robe "Cexub" {Str+3 Dex+2}
rPois    +         Reflect  .   i - +0 helmet of Loinn {Will+ Slay+6 Stlth+}
rElec    .         Harm     .   j - scarf {rC+ rF+}
rCorr    +         Rampage  .   b - +1 pair of gloves
Will     +++++                  q - +5 barding of Kleptomania {rF+ Will+}
Stlth    ++++......             c - amulet of faith
HPRegen  0.38/turn              U - ring "Inulaul" {EV+4 Dex+6}
MPRegen  0.29/turn              I - ring of resist corrosion

@: confused, about to teleport, ambrosia-drunk, very slightly contaminated,
hasted, studying Dodging, heavily drained, invisible, quick
A: large, see invisible, deformed body, poison resistance, slowness 2, spit
poison 1, naga tail 2, AC +8
}: 4/15 runes: decaying, slimy, silver, gossamer
a: Spit Poison, Renounce Religion, Receive Corpses, Torment


You were on level 2 of the Crypt.
You worshipped Kikubaaqudgha.
Kikubaaqudgha was exalted by your worship.
You visited 10 branches of the dungeon, and saw 47 of its levels.
You visited 1 bazaar.
You also visited: Ossuary, Bailey and Ice Cave.

You collected 7643 gold pieces.
You spent 3497 gold pieces at shops.

Inventory:

Hand Weapons
 t - the +6 rapier "Beal" {vorpal, rElec Str+5}
   (You found it on level 3 of the Elven Halls)

   It inflicts extra damage upon your enemies.
   It affects your strength (+5).
   It insulates you from electricity.
 z - a +9 quick blade of pain
 H - a +4 eudemon blade of holy wrath (weapon)
Armour
 b - a +1 pair of gloves (worn)
 i - the +0 helmet of Loinn (worn) {Will+ Slay+6 Stlth+}
   (You bought it in a shop in a bazaar)

   It affects your accuracy and damage with ranged weapons and melee attacks
   (+6).
   It affects your willpower, your defense against some magical effects.
   It makes you more stealthy.
 j - a scarf of resistance (worn)
 q - the +5 barding of Kleptomania (worn) {rF+ Will+}
   (You acquired it on level 9 of the Dungeon)

   It protects you from fire.
   It affects your willpower, your defense against some magical effects.
 J - the +10 Black Knight's barding {ponderous, rPois rN+}
   (You found it on level 4 of the Swamp)

   It protects you from poison.
   It protects you from negative energy.
 K - a +0 kite shield (worn)
 Y - the +3 robe "Cexub" (worn) {Str+3 Dex+2}
   (You took it off an orc on level 10 of the Dungeon)

   It affects your strength (+3).
   It affects your dexterity (+2).
Magical Staves
 R - a staff of death
Jewellery
 c - an amulet of faith (around neck)
 o - the ring "Ischehipt" {Ice *Contam +Fly Str+9 Slay+4}
   (You took it off a deep elf death mage on level 3 of the Elven Halls)

   [ring of ice]

   It enhances your ice magic.
   It affects your strength (+9).
   It affects your accuracy and damage with ranged weapons and melee attacks
   (+4).
   It makes you vulnerable to fire.
   It protects you from cold.
   It lets you fly.
   It causes magical contamination when unequipped.
 y - the ring of Lust {rN+ Str+7}
   (You took it off a deep elf annihilator on level 5 of the Vaults)

   [ring of positive energy]

   It affects your strength (+7).
   It protects you from negative energy.
 D - a +4 ring of protection
 F - an amulet of reflection
 I - a ring of resist corrosion (right hand)
 M - an amulet of regeneration
 N - the ring of Virue {+Fly rPois MP+9 Str+4 Int+4}
   (You acquired it in a bailey)

   [ring of flight]

   It affects your strength (+4).
   It affects your intelligence (+4).
   It protects you from poison.
   It affects your magic capacity (+9).
   It lets you fly.
 Q - the amulet "Cuenad" {Acrobat +Fly rN++}
   (You took it off a yaktaur captain on level 5 of the Vaults)

   [amulet of the acrobat]

   It helps you evade while moving and waiting.
   It greatly protects you from negative energy.
   It lets you fly.
 U - the ring "Inulaul" (left hand) {EV+4 Dex+6}
   (You found it on level 5 of the Vaults)

   [ring of evasion]

   It affects your evasion (+4).
   It affects your dexterity (+6).
 W - a ring of protection from cold
 Z - a ring of protection from cold
Wands
 m - a wand of flame (95)
 p - a wand of iceblast (22)
 v - a wand of digging (11)
Scrolls
 f - 25 scrolls of identify
 k - 20 scrolls of teleportation
 l - a scroll of immolation
 n - 8 scrolls of fog
 u - 8 scrolls of amnesia
 G - 7 scrolls of magic mapping
 P - 2 scrolls of silence
 S - a scroll of fear
 T - a scroll of enchant armour
Potions
 e - 4 potions of berserk rage
 h - 9 potions of haste
 r - 9 potions of flight
 s - 5 potions of cancellation
 w - 10 potions of ambrosia
 x - 11 potions of mutation
 A - 7 potions of lignification
 B - 17 potions of curing
 C - 3 potions of resistance
 E - 9 potions of brilliance
 L - 3 potions of invisibility
 O - 10 potions of might
 V - a potion of magic
Miscellaneous
 a - a phantom mirror
 g - a lightning rod (4/4)


   Skills:
 * Level 14.6 Fighting
 - Level 11.1(11.2) Short Blades
 * Level 2.3(7.5) Long Blades
 - Level 5.5 Armour
 + Level 11.7 Dodging
 * Level 18.4 Stealth
 - Level 11.8 Shields
 * Level 17.0 Spellcasting
 * Level 20.1 Necromancy
 - Level 1.0 Transmutations
 - Level 9.5 Ice Magic
 - Level 9.0 Earth Magic
 - Level 11.5 Poison Magic
 * Level 5.6 Evocations


You had 12 spell levels left.
You knew the following spells:

 Your Spells              Type           Power      Damage    Failure   Level
a - Sting                 Tmut/Pois      100%       1d8       1%          1
b - Simulacrum            Ice/Necr       37%        N/A       1%          6
c - Corpse Rot            Necr/Air       N/A        N/A       1%          2
d - Olgreb's Toxic Radia  Pois           66%        N/A       1%          4
e - Borgnjor's Vile Clut  Necr/Erth      37%        N/A       1%          5
f - Apportation           Tloc           40%        N/A       2%          1
g - Infestation           Necr           43%        N/A       4%          8
i - Ignite Poison         Fire/Tmut/Pois 40%        N/A       1%          3
p - Poisonous Vapours     Pois/Air       96%        N/A       1%          2
v - Death Channel         Necr           43%        N/A       1%          6
x - Mephitic Cloud        Conj/Pois/Air  38%        N/A       1%          3
z - Dispel Undead         Necr           86%        3d28      0%          4

Your spell library contained the following spells:

 Spells                   Type           Power      Damage    Failure   Level
 Animate Skeleton         Necr           100%       N/A       0%          1
 Pain                     Necr           100%       1d9       0%          1
 Sublimation of Blood     Necr           43%        N/A       0%          2
 Vampiric Draining        Necr           43%        2d12      0%          3
 Animate Dead             Necr           43%        N/A       0%          4
 Beastly Appendage        Tmut           50%        N/A       1%          1
 Freeze                   Ice            100%       1d11      1%          1
 Sandblast                Erth           100%       2d20      1%          1
 Passwall                 Tmut/Erth      36%        N/A       1%          2
 Frozen Ramparts          Ice            100%       1d12      1%          3
 Ozocubu's Armour         Ice            60%        N/A       1%          3
 Spider Form              Tmut/Pois      25%        N/A       1%          3
 Stone Arrow              Conj/Erth      84%        3d12      1%          3
 Agony                    Necr           86%        N/A       1%          5
 Excruciating Wounds      Necr           43%        N/A       1%          5
 Lee's Rapid Deconstruct  Erth           29%        3d16*     1%          5
 Corona                   Hex            22%        N/A       2%          1
 Foxfire                  Conj/Fire      80%        2x1d8     2%          1
 Magic Dart               Conj           80%        1d7       2%          1
 Shock                    Conj/Air       80%        1d8       2%          1
 Wereblood                Tmut           25%        N/A       2%          2
 Blink                    Tloc           N/A        N/A       3%          2
 Call Imp                 Summ           20%        N/A       3%          2
 Searing Ray              Conj           40%        3d4       3%          2
 Slow                     Hex            20%        N/A       3%          2
 Swiftness                Air            20%        N/A       3%          2
 Hailstorm                Conj/Ice       43%        3d10      3%          4
 Ice Form                 Ice/Tmut       45%        N/A       3%          4
 Petrify                  Tmut/Erth      44%        N/A       3%          4
 Summon Ice Beast         Ice/Summ       43%        N/A       3%          4
 Animate Armour           Summ/Erth      84%        N/A       4%          4
 Leda's Liquefaction      Hex/Erth       21%        N/A       4%          4
 Borgnjor's Revivificati  Necr           43%        N/A       4%          8
 Alistair's Intoxication  Tmut/Pois      33%        N/A       5%          5
 Conjure Flame            Conj/Fire      20%        6-21      8%          3
 Gell's Gravitas          Tloc           10%        N/A       8%          3
 Inner Flame              Hex/Fire       20%        N/A       8%          3
 Lesser Beckoning         Tloc           10%        N/A       8%          3
 Portal Projectile        Hex/Tloc       40%        N/A       8%          3
 Static Discharge         Conj/Air       20%        N/A       8%          3
 Tukima's Dance           Hex            20%        N/A       8%          3
 Metabolic Englaciation   Hex/Ice        21%        N/A       10%         5
 Bolt of Magma            Conj/Fire/Erth 17%        4d9       21%         5
 Airstrike                Air            10%        N/A       26%         4
 Cause Fear               Hex            10%        N/A       26%         4
 Passage of Golubria      Tloc           N/A        N/A       26%         4
 Sticky Flame             Conj/Fire      20%        2d4       26%         4
 Eringya's Noxious Bog    Tmut/Pois      25%        N/A       30%         6
 Ozocubu's Refrigeration  Ice            30%        4d11      41%         7
 Blade Hands              Tmut           12%        N/A       43%         5
 Statue Form              Tmut/Erth      29%        N/A       45%         6
 Irradiate                Conj/Tmut      11%        3d17      50%         5
 Iron Shot                Conj/Erth      21%        9d5       52%         6
 Fireball                 Conj/Fire      10%        3d6       56%         5
 Iskenderun's Battlesphe  Conj           20%        2d7       56%         5
 Lightning Bolt           Conj/Air       10%        1d23      56%         5
 Silence                  Hex/Air        10%        N/A       56%         5
 Summon Forest            Summ/Tloc      10%        N/A       56%         5
 Death's Door             Necr           43%        N/A       56%         9
 Freezing Cloud           Conj/Ice/Air   17%        6-21      71%         6
 Necromutation            Tmut/Necr      31%        N/A       92%         8
 Hydra Form               Tmut           12%        N/A       95%         6
 Conjure Ball Lightning   Conj/Air       10%        3x3d6     98%         6
 Invisibility             Hex            20%        N/A       98%         6
 Starburst                Conj/Fire      10%        8x6d5     98%         6
 Malign Gateway           Summ/Tloc      10%        N/A       100%        7
 Orb of Destruction       Conj           10%        9d5       100%        7
 Spellforged Servitor     Conj/Summ      10%        N/A       100%        7
 Summon Hydra             Summ           10%        N/A       100%        7
 Chain Lightning          Conj/Air       10%        N/A       100%        8
 Ignition                 Fire           10%        3d5       100%        8
 Lehudib's Crystal Spear  Conj/Erth      21%        10d6      100%        8
 Absolute Zero            Ice            30%        ∞         100%        9
 Fire Storm               Conj/Fire      10%        8d3       100%        9
 Shatter                  Erth           29%        3d24*     100%        9
 Tornado                  Air            10%        N/A       100%        9


Dungeon Overview and Level Annotations

Branches:
Dungeon (15/15)            Temple (1/1) D:4            Lair (6/6) D:11
  Swamp (4/4) Lair:2       Spider (4/4) Lair:3        Slime (5/5) Lair:5
    Orc (2/2) D:9             Elf (3/3) Orc:2        Vaults (5/5) D:14
  Crypt (2/3) Vaults:2     Depths (0/5) D:15        Ossuary (visited)
 Bailey (visited)           IceCv (visited)

Altars:
Ashenzari
Cheibriados
Dithmenos
Elyvilon
Fedhas
Gozag
Hepliaklqana
Kikubaaqudgha
Makhleb
Nemelex Xobeh
Okawaru
Qazlal
Ru
Sif Muna
Trog
Uskayaw
Vehumet
Wu Jian
Xom
Yredelemnul
Zin
The Shining One
Beogh
Jiyva

Shops:
D:4 !*(*   D:5 ?   D:7 =   D:11 :   D:14 !   Orc:2 *(?:   Elf:1 (   Elf:3 !
Vaults:1 :   Vaults:4 [


Innate Abilities, Weirdness & Mutations

Your serpentine skin is tough. (AC +8)
You have supernaturally acute eyesight. (SInv)
Armour fits poorly on your strangely shaped body.
Your system is resistant to poisons. (rPois)
You cover ground very slowly.
You can spit poison.
You can use your snake-like lower body to constrict enemies.


Message History

Unknown command.
Okay, then.
You fade into invisibility!
The deep elf death mage beckons forth a restless soul!
You are very lightly contaminated with residual magic.
Unknown command.
Unknown command.
Unknown command.
Okay, then.
As you read the scroll of teleportation, it crumbles to dust.
You feel strangely unstable.
Unknown command.
Unknown command.
A jiangshi comes into view.
A deep elf death mage comes into view. It is wielding a +0 long sword.
The bog body casts a spell at you. The bolt of cold misses you.
There is a fountain of clear blue water here.
Unknown command.
Unknown command.
You are confused.
You feel invigorated.
You are engulfed in freezing vapours.
You resist.
Unknown command.
Unknown command.
The ghoul claws you!
* * * LOW HITPOINT WARNING * * *
The ghoul claws you.
* * * LOW HITPOINT WARNING * * *
Unknown command.
Unknown command.
Unknown command.
Okay, then.
You're too confused to move!
The jiangshi closely misses you.
The jiangshi claws you but does no damage.
The ghoul closely misses you. The ghoul misses you.
The deep elf death mage casts a spell at you.
The bolt of negative energy misses the jiangshi.
The bolt of negative energy hits you!!
You feel drained.
You die...
Kikubaaqudgha rasps: "You have failed me!
Welcome... death!"

....###
>.## #####
....#
⌠....#
#...#
#...##
#...#
.###..n###
.
......nn..+
.
<..⌠.V.n@⌠#
.......V..+
#
..###...###
# # #e.*# #
#...## .#
#e..# ..#
....# ...#
...# ....#


You could see a ghoul, 2 deep elf death magi, 2 jiangshi, 2 bog bodies, a
necrophage and a lost soul (summoned).

Vanquished Creatures
  the Royal Jelly (Slime:5)
  Mennas (Vaults:5)
  Sojobo (Vaults:2)
  3 golden dragons
  The ghost of Vailuoroe the Devastator, a veteran GrEE of Lugonu (Crypt:1)
  A tentacled monstrosity (Vaults:5)
  Jorgrun (Elf:1)
  2 liches
  3 titans (Vaults:5)
  9 acid blobs
  3 deep elf blademasters
  2 quicksilver dragons (Vaults:5)
  2 deep elf master archers (Elf:3)
  A sphinx (Vaults:5)
  7 shadow dragons
  A tengu reaver (Vaults:2)
  2 thorn hunters (Swamp:4)
  A storm dragon (Vaults:5)
  Donald (Vaults:1)
  A revenant (Crypt:1)
  7 azure jellies
  4 ghost moths
  8 deep elf sorcerers
  3 fire giants
  13 vault wardens
  5 frost giants
  6 emperor scorpions
  The ghost of burt the Thaumaturge, a journeyman DrCj of Vehumet (Orc:1)
  3 curse skulls
  Aizul (Vaults:1)
  4 deep elf elementalists
  6 ironheart preservers
  2 war gargoyles (Vaults:4)
  8 stone giants
  2 vampire knights (Crypt:1)
  6 deep elf demonologists
  The ghost of Ceisul the Bludgeoner, a journeyman MiBe of Trog (Orc:1)
  2 entropy weavers (Spider:2)
  A spark wasp (Spider:3)
  2 very ugly things
  The ghost of Xocaf the Spry, a journeyman TeBe of Trog (Orc:1)
  A bunyip (Swamp:2)
  9 deep elf annihilators
  Azrael (D:15)
  6 ettins
  2 eidola
  11 deep elf death magi
  Snorg (D:14)
  6 eleionomae
  10 death oozes (Slime:5)
  7 deep elf high priests
  4 jiangshi
  A crystal guardian (Vaults:3)
  3 fire dragons
  14 yaktaur captains
  3 great orbs of eyes
  A shambling mangrove (Swamp:4)
  2 ice dragons (Vaults:4)
  A rakshasa (Vaults:2)
  8 boulder beetles
  33 vault guards
  5 catoblepae
  6 ghost crabs (Swamp:1)
  27 hydras
  Erolcha (D:9)
  The ghost of Crimsoncloak the Grappler, a novice TrMo of Okawaru (D:9)
  Harold (D:9)
  6 ogre magi
  4 centaur warriors
  A satyr (shapeshifter) (Vaults:3)
  24 dancing weapons
  4 death knights
  18 two-headed ogres
  13 alligators
  11 death yaks
  2 vampire magi (Crypt:1)
  A deep troll shaman (Vaults:4)
  Nergalle (D:12)
  A spriggan berserker (Swamp:3)
  2 shadow wraiths
  8 spriggans
  20 deep elf knights
  3 skeletal warriors
  A golden dragon zombie (Crypt:1)
  8 spriggan druids
  3 unseen horrors
  5 goliath frogs
  4 flayed ghosts
  4 glowing orange brains
  A death drake (Swamp:4)
  8 deep trolls
  9 swamp dragons
  A lindwurm (Lair:5)
  An anaconda skeleton (Crypt:1)
  A harpy (Vaults:3)
  4 bog bodies
  10 orc knights
  36 deep elf pyromancers
  22 deep elf zephyrmancers
  2 necromancers
  10 phantasmal warriors
  15 deep elf archers
  10 ironbrand convokers
  2 stone giant zombies (D:15)
  A shining eye (Slime:5)
  10 orb spiders
  3 will-o-the-wisps
  2 orc sorcerers
  8 ugly things
  20 wolf spiders
  6 cyclopes
  4 oklob plants (Lair:4)
  A manticore (shapeshifter) (Vaults:5)
  3 manticores
  3 moths of wrath
  17 elephants
  Joseph (D:7)
  3 eyes of devastation
  A guardian serpent (shapeshifter) (Vaults:3)
  A fire giant skeleton (Crypt:1)
  A black mamba (shapeshifter) (D:14)
  10 vault sentinels
  4 apocalypse crabs (Swamp:1)
  A black mamba (Lair:4)
  Maggie (D:7)
  A torpor snail (Lair:2)
  2 torpor snails (shapeshifter)
  Psyche (D:12)
  2 rime drakes (shapeshifter)
  A spriggan zombie (D:15)
  2 efreet
  14 cane toads
  2 demonic crawlers (Spider:1)
  10 komodo dragons
  2 tengu conjurers (D:14)
  8 freezing wraiths
  A yaktaur (shapeshifter) (Elf:2)
  16 yaktaurs
  2 bloated husks
  21 jumping spiders
  9 tyrant leeches
  5 meliai
  8 trolls
  An iron troll skeleton (Crypt:1)
  21 polar bears
  Prince Ribbit (D:7)
  14 hornets
  12 slime creatures
  6 blink frogs
  A fire dragon zombie (Crypt:1)
  An ice dragon zombie (D:15)
  An alligator zombie (Crypt:1)
  An air elemental (Elf:3)
  6 flying skulls (Crypt:1)
  65 redbacks
  Sigmund (D:5)
  A water elemental (Elf:2)
  10 wraiths
  2 shadows (Crypt:1)
  A tarantella (shapeshifter) (Vaults:3)
  21 tarantellas
  2 humans (shapeshifter)
  5 wyverns
  3 basilisks
  4 fire elementals
  Eustachio (D:9)
  Grum (D:11)
  A vampire (D:14)
  74 yaks
  19 vampire mosquitoes
  Menkaure (D:6)
  A gelid demonspawn zombie (Crypt:1)
  A warg (shapeshifter) (Vaults:5)
  2 wargs
  A soldier ant (D:13)
  3 acid dragons
  12 water moccasins
  4 hell hounds (D:15)
  11 swamp worms
  Duvessa (D:5)
  A hornet zombie (D:14)
  A sky beast (D:6)
  6 ice beasts
  8 swamp drakes
  2 necrophages
  2 eyes of draining
  56 orc warriors
  3 black bears
  A boggart (Vaults:1)
  23 ogres
  26 centaurs
  24 wolves
  A phantom (D:4)
  2 kobold brigands
  3 elf zombies (Ossuary)
  An octopode zombie (Crypt:1)
  5 earth elementals
  A glowing shapeshifter simulacrum (Vaults:2)
  13 bullfrogs
  A gnoll sergeant (D:9)
  Dowan (D:5)
  5 scorpions
  A warg skeleton (Crypt:1)
  26 wights
  27 killer bees
  4 electric eels
  5 howler monkeys
  3 bullfrog zombies
  4 centaur zombies
  10 hounds
  3 jellies
  A quasit (D:7)
  5 centaur skeletons
  2 bullfrog skeletons
  A gnoll shaman (D:6)
  A human zombie (Ossuary)
  15 orc priests
  A human skeleton (Crypt:1)
  30 orc wizards
  12 worker ants
  A killer bee zombie (D:9)
  A deep dwarf skeleton (Crypt:1)
  4 hound zombies (Ossuary)
  A hound skeleton (D:7)
  3 mummies (Ossuary)
  Robin (D:2)
  A howler monkey zombie (D:7)
  A worker ant zombie (D:10)
  4 gnolls (D:6)
  10 adders
  3 shadow imps
  14 white imps
  5 ufetubi
  2 adder skeletons
  4 adder zombies (Ossuary)
  3 worms
  4 dart slugs
  5 leopard geckos
  129 orcs
  10 giant cockroaches
  15 goblins
  16 hobgoblins
  7 jackals
  19 kobolds
  5 quokkas
  A ball python (D:2)
  6 bats
  6 frilled lizards
  3 hobgoblin zombies (Ossuary)
  8 jackal zombies (Ossuary)
  2 kobold zombies (Ossuary)
  A leopard gecko skeleton (D:5)
  2 orc zombies (Ossuary)
  3 quokka zombies (Ossuary)
  10 rats
  A rat zombie (Ossuary)
  2 briar patches (Swamp:4)
1742 creatures vanquished.

Vanquished Creatures (collateral kills)
  Xtahua (Vaults:5)
  Saint Roka (Vaults:2)
  Nikola (Vaults:2)
  2 tentacled monstrosities (Vaults:5)
  7 acid blobs (Slime:5)
  A tengu reaver (Vaults:2)
  A shadow dragon (Vaults:5)
  An azure jelly (Slime:2)
  Roxanne (Spider:2)
  A fenstrider witch (Swamp:3)
  An iron dragon (Vaults:5)
  2 vault wardens
  2 stone giants
  An ironheart preserver (Vaults:1)
  A war gargoyle (Vaults:5)
  2 ettins (Vaults:2)
  5 yaktaur captains
  A shambling mangrove (Swamp:3)
  A fire dragon (D:15)
  An ice dragon (Vaults:2)
  A rakshasa (Vaults:1)
  A boulder beetle (Lair:2)
  3 hydras
  2 centaur warriors
  3 two-headed ogres
  An alligator (Swamp:4)
  A death yak (Lair:6)
  2 dancing weapons
  A deep troll (Vaults:1)
  A sea snake (shapeshifter) (Vaults:3)
  A glowing orange brain (Slime:5)
  A deep elf pyromancer (Elf:3)
  A deep elf zephyrmancer (Elf:1)
  3 orb spiders
  8 wolf spiders
  A cyclops (Vaults:2)
  4 ugly things (Vaults:1)
  15 elephants
  A vault sentinel (Vaults:3)
  A torpor snail (Spider:2)
  2 eyes of devastation (Slime:5)
  A gargoyle (D:14)
  A cane toad (Lair:6)
  2 komodo dragons (Lair:6)
  A centaur skeleton (D:14)
  3 yaktaurs
  2 demonic crawlers
  3 jumping spiders (Spider:3)
  A meliai (D:15)
  A queen bee (D:15)
  A tyrant leech (Swamp:3)
  A hornet (Vaults:1)
  12 slime creatures
  8 redbacks
  3 orc warriors (Orc:2)
  6 yaks
  2 fire elementals
  6 tarantellas
  A wyvern (D:11)
  A swamp worm (Swamp:3)
  A warg (Vaults:2)
  A water moccasin (Lair:6)
  5 eyes of draining (Slime:5)
  2 wolves (D:11)
  2 ogres (Vaults:3)
  2 centaurs (Vaults:1)
  A phantom (D:11)
  2 bullfrogs
  2 killer bees (D:15)
  An electric eel (Spider:4)
  A hound (D:13)
  An orc (Vaults:2)
  A quokka (D:11)
166 creatures vanquished.

Vanquished Creatures (others)
  A fire dragon (Vaults:2)
  A deep elf knight (Vaults:2)
  A spriggan druid (Swamp:1)
  An orc knight (Orc:2)
  A bloated husk (Swamp:2)
  A yak (IceCv)
  A redback (Spider:3)
  An orc warrior (Orc:2)
  A wolf (IceCv)
  An orc (Vaults:2)
  A briar patch (Swamp:4)
  2 foxfires (Swamp:2)
  26 fungi
  32 plants
  11 withered plants (D:15)
82 creatures vanquished.

Grand Total: 1990 creatures vanquished

Notes
Turn   | Place    | Note
-------+----------+-------------------------------------------
     0 | D:1      | dickylongcocking the Naga Venom Mage began the quest for
                  | the Orb.
     0 | D:1      | Reached XP level 1. HP: 15/15 MP: 3/3
    74 | D:1      | Reached XP level 2. HP: 21/22 MP: 0/5
   574 | D:1      | Found an iron altar of Okawaru.
   577 | D:1      | Found a basalt altar of Yredelemnul.
   577 | D:1      | Found a hide-covered altar of Uskayaw.
   579 | D:1      | Found a shimmering altar of Xom.
   579 | D:1      | Found a blossoming altar of Fedhas.
   579 | D:1      | Found a hide-covered altar of Uskayaw.
   589 | D:1      | Reached XP level 3. HP: 28/28 MP: 2/6
  1094 | D:2      | Noticed Robin
  1382 | D:2      | Learned a level 2 spell: Poisonous Vapours
  1386 | D:2      | Learned a level 3 spell: Ignite Poison
  1943 | D:2      | Reached XP level 4. HP: 24/36 MP: 1/8
  2115 | D:2      | Reached skill level 5 in Poison Magic
  2423 | D:2      | Killed Robin
  2424 | D:2      | Reached skill level 1 in Shields
  2593 | D:2      | Reached XP level 5. HP: 37/42 MP: 2/9
  4002 | D:4      | Found Lytuku's Weapon Shoppe.
  4011 | D:4      | Found Run Ruli's Assorted Antiques.
  4023 | D:4      | Noticed a phantom
  4037 | D:4      | Learned a level 3 spell: Mephitic Cloud
  4051 | D:4      | Killed a phantom
  4052 | D:4      | Reached XP level 6. HP: 9/49 MP: 3/11
  4325 | D:4      | Found a staircase to the Ecumenical Temple.
  4336 | Temple   | Entered the Ecumenical Temple
  4432 | Temple   | Became a worshipper of Kikubaaqudgha
  4508 | D:4      | Found Ytyuz's Distillery.
  4511 | D:4      | Bought a potion of heal wounds for 70 gold pieces
  4852 | D:4      | Found Genn's General Store.
  4868 | D:4      | Bought a potion of heal wounds for 70 gold pieces
  4990 | D:5      | Entered Level 5 of the Dungeon
  5023 | D:5      | Found a sand-covered staircase.
  5028 | Ossuary  | Entered an ossuary
  5082 | Ossuary  | Reached skill level 1 in Necromancy
  5082 | Ossuary  | Reached XP level 7. HP: 35/55 MP: 3/12
  5278 | Ossuary  | Reached * piety under Kikubaaqudgha
  5278 | Ossuary  | Identified Kikubaaqudgha's Compendium of Evil Rituals
                  | (Kikubaaqudgha gifted it to you in an ossuary)
  5278 | Ossuary  | Received a gift from Kikubaaqudgha
  5279 | Ossuary  | Reached skill level 5 in Stealth
  5686 | Ossuary  | Reached skill level 2 in Necromancy
  6556 | D:5      | Found Azeuch's Magic Scroll Shop.
  6797 | D:5      | Found a broken altar of Ashenzari.
  6815 | D:5      | Noticed Duvessa
  6816 | D:5      | Noticed Dowan
  6824 | D:5      | Killed Duvessa
  6825 | D:5      | Reached XP level 8. HP: 55/62 MP: 7/14
  6828 | D:5      | Killed Dowan
  7015 | D:5      | Found a stormy altar of Qazlal.
  7158 | D:5      | Noticed Sigmund
  7167 | D:5      | Killed Sigmund
  7168 | D:5      | Reached skill level 3 in Necromancy
  7301 | D:5      | Identified a scroll of acquirement
  7400 | D:6      | Learned a level 4 spell: Olgreb's Toxic Radiance
  7403 | D:6      | Learned a level 2 spell: Corpse Rot
  7414 | D:6      | Reached skill level 5 in Spellcasting
  7721 | D:6      | Reached skill level 4 in Necromancy
  7850 | D:6      | Reached ** piety under Kikubaaqudgha
  7913 | D:6      | Identified the +1 leather armour of Too Many Cooks {+Blink
                  | Will+++}
  8127 | D:6      | Found a burning altar of Makhleb.
  8143 | D:6      | Noticed Menkaure
  8159 | D:6      | Killed Menkaure
  8160 | D:6      | Reached XP level 9. HP: 53/68 MP: 10/17
  8369 | D:6      | Reached skill level 5 in Necromancy
  9306 | D:7      | Noticed Maggie
  9312 | D:7      | Killed Maggie
  9313 | D:7      | Reached skill level 6 in Necromancy
  9499 | D:7      | Found Kaelilla's Jewellery Boutique.
  9526 | D:7      | Noticed Prince Ribbit
  9537 | D:7      | Killed Prince Ribbit
 10391 | D:7      | Reached skill level 7 in Necromancy
 10512 | D:7      | Noticed Joseph
 10521 | D:7      | Killed Joseph
 10522 | D:7      | Reached XP level 10. HP: 60/75 MP: 0/20
 11106 | D:8      | Noticed a two-headed ogre
 11110 | D:8      | Killed a two-headed ogre
 11111 | D:8      | Reached skill level 8 in Necromancy
 11660 | D:8      | Reached *** piety under Kikubaaqudgha
 11660 | D:8      | Identified Kikubaaqudgha's Incunabulum of Sinister Magic
                  | (Kikubaaqudgha gifted it to you on level 8 of the Dungeon)
 11660 | D:8      | Received a gift from Kikubaaqudgha
 11731 | D:8      | Learned a level 4 spell: Dispel Undead
 12495 | D:8      | Noticed a two-headed ogre
 12500 | D:8      | Killed a two-headed ogre
 12501 | D:8      | Reached skill level 9 in Necromancy
 12594 | D:8      | Found a glowing silver altar of Zin.
 12603 | D:8      | Found a shadowy altar of Dithmenos.
 13058 | D:9      | Noticed Eustachio
 13059 | D:9      | Noticed Erolcha
 13061 | D:9      | Killed Eustachio
 13169 | D:9      | Reached skill level 5 in Fighting
 13183 | D:9      | Identified the +6 flail of Amorality {flame, rF+ Int+3}
 13193 | D:9      | Killed Erolcha
 13194 | D:9      | Reached XP level 11. HP: 47/97 MP: 7/22
 13430 | D:9      | Acquired the +5 barding of Kleptomania {rF+ Will+}
 13529 | D:9      | Reached **** piety under Kikubaaqudgha
 13545 | D:9      | Noticed Harold
 13562 | D:9      | Killed Harold
 13563 | D:9      | Reached skill level 1 in Armour
 13563 | D:9      | Reached skill level 10 in Necromancy
 14118 | D:9      | Noticed a boulder beetle
 14125 | D:9      | Noticed Crimsoncloak's ghost (novice TrMo)
 14126 | D:9      | Found a transporter.
 14143 | D:9      | Found a transporter.
 14343 | D:9      | Found a staircase to the Orcish Mines.
 14567 | D:9      | Found a white marble altar of Elyvilon.
 14567 | D:9      | Found a snail-covered altar of Cheibriados.
 14614 | D:9      | Killed Crimsoncloak's ghost
 14842 | D:9      | Killed a boulder beetle
 14993 | D:10     | Entered Level 10 of the Dungeon
 15243 | D:10     | Learned a level 6 spell: Death Channel
 15247 | D:10     | Acquired 1137 gold pieces
 15836 | D:10     | Reached ***** piety under Kikubaaqudgha
 16307 | D:10     | Identified the +3 robe "Cexub" {Str+3 Dex+2}
 16600 | D:11     | Noticed a two-headed ogre
 16723 | D:11     | Noticed a manticore
 16726 | D:11     | Noticed an eight-headed hydra
 16729 | D:11     | Killed a manticore
 16733 | D:11     | Killed an eight-headed hydra
 16797 | D:11     | Killed a two-headed ogre
 16798 | D:11     | Reached skill level 10 in Poison Magic
 16798 | D:11     | Reached skill level 1 in Evocations
 16798 | D:11     | Reached XP level 12. HP: 86/109 MP: 4/24
 17047 | D:11     | Found Ibof's Book Boutique.
 17103 | D:11     | Noticed a two-headed ogre
 17112 | D:11     | Noticed Grum
 17126 | D:11     | Killed a two-headed ogre
 17152 | D:11     | Found a frozen archway.
 17196 | IceCv    | Entered an ice cave
 17478 | IceCv    | Reached skill level 11 in Necromancy
 17736 | IceCv    | Noticed a death yak
 17743 | IceCv    | Killed a death yak
 18740 | IceCv    | Noticed a frost giant
 18747 | IceCv    | Killed a frost giant
 18748 | IceCv    | Reached skill level 5 in Armour
 19450 | D:11     | Found a staircase to the Lair.
 19472 | D:11     | Gained mutation: You can use your snake-like lower body to
                  | constrict enemies. [Naga growth]
 19472 | D:11     | Reached XP level 13. HP: 94/95 MP: 10/25
 19666 | D:11     | Killed Grum
 19981 | D:11     | Noticed a fire dragon
 20018 | D:11     | Killed a fire dragon
 20337 | Orc:1    | Entered Level 1 of the Orcish Mines
 20572 | Orc:1    | Reached ****** piety under Kikubaaqudgha
 20626 | Orc:1    | Found a runed translucent gate.
 20627 | Orc:1    | Found a runed translucent gate.
 20628 | Orc:1    | Found a runed translucent gate.
 20629 | Orc:1    | Noticed Ceisul's ghost (journeyman MiBe)
 20629 | Orc:1    | Noticed Xocaf's ghost (journeyman TeBe)
 20631 | Orc:1    | Noticed burt's ghost (journeyman DrCj)
 21641 | Orc:1    | Killed Xocaf's ghost
 21644 | Orc:1    | Killed burt's ghost
 21660 | Orc:1    | Killed Ceisul's ghost
 21661 | Orc:1    | Reached skill level 12 in Necromancy
 21845 | Orc:2    | Entered Level 2 of the Orcish Mines
 22094 | Orc:2    | Found a staircase to the Elven Halls.
 23570 | Orc:2    | Found Onguor's Magic Scroll Boutique.
 23570 | Orc:2    | Found Wynwaip's Weapon Shoppe.
 23571 | Orc:2    | Found Joimurch's General Store.
 23573 | Orc:2    | Found Toep Kazi's Book Shop.
 23580 | Orc:2    | Bought a potion of resistance for 160 gold pieces
 23595 | Orc:2    | Bought a potion of curing for 48 gold pieces
 23595 | Orc:2    | Bought a potion of curing for 48 gold pieces
 23788 | D:10     | Learned a level 5 spell: Borgnjor's Vile Clutch
 23861 | Lair:1   | Entered Level 1 of the Lair of Beasts
 24328 | Lair:1   | Reached skill level 10 in Spellcasting
 24485 | Lair:1   | Reached skill level 1 in Earth Magic
 25572 | Lair:2   | Reached XP level 14. HP: 128/129 MP: 9/28
 25596 | Lair:2   | Reached skill level 5 in Dodging
 25771 | Lair:2   | Found a staircase to the Swamp.
 27212 | Lair:3   | Found a hole to the Spider Nest.
 28287 | Lair:4   | Reached skill level 13 in Necromancy
 29394 | Lair:4   | Reached skill level 5 in Earth Magic
 31588 | Lair:5   | Reached XP level 15. HP: 135/135 MP: 17/30
 32024 | Lair:5   | Found a viscous altar of Jiyva.
 32024 | Lair:5   | Found a staircase to the Slime Pits.
 32205 | Lair:6   | Entered Level 6 of the Lair of Beasts
 32213 | Lair:6   | Reached skill level 14 in Necromancy
 35090 | D:12     | Noticed Nergalle
 35097 | D:12     | Killed Nergalle
 35134 | D:12     | Found a gate leading to a gauntlet.
 35141 | D:12     | Found a flagged portal.
 35148 | Bailey   | Entered a bailey
 35563 | Bailey   | Acquired the ring of Virue {+Fly rPois MP+9 Str+4 Int+4}
 35803 | D:12     | Identified the +1 scale mail of Ficay {Dex+4}
 35887 | D:12     | Noticed Psyche
 35891 | D:12     | Killed Psyche
 37771 | D:14     | Found Loehacvu's Distillery.
 37777 | D:14     | Bought a potion of heal wounds for 80 gold pieces
 37777 | D:14     | Bought a potion of haste for 160 gold pieces
 37777 | D:14     | Bought 3 potions of magic for 384 gold pieces
 37777 | D:14     | Bought a potion of haste for 160 gold pieces
 37903 | D:14     | Reached skill level 5 in Shields
 38004 | D:14     | Reached XP level 16. HP: 144/144 MP: 24/32
 38136 | D:14     | Reached skill level 15 in Necromancy
 38159 | D:14     | Found a gate to the Vaults.
 38484 | D:14     | You fall into a shaft and drop 1 floor!
 38484 | D:15     | Entered Level 15 of the Dungeon
 38492 | D:15     | Found a bloodstained altar of Trog.
 38513 | D:15     | Noticed Azrael
 38525 | D:15     | Killed Azrael
 38801 | D:15     | Learned a level 6 spell: Simulacrum
 38974 | D:15     | Reached skill level 1 in Ice Magic
 40296 | D:14     | Noticed Snorg
 40302 | D:14     | Killed Snorg
 42047 | D:15     | Found a staircase to the Depths.
 42687 | D:15     | Found a stormy altar of Qazlal.
 43567 | Elf:1    | Entered Level 1 of the Elven Halls
 43666 | Elf:1    | Noticed Jorgrun
 43671 | Elf:1    | Killed Jorgrun
 43672 | Elf:1    | Reached skill level 5 in Ice Magic
 43942 | Elf:1    | Reached XP level 17. HP: 150/150 MP: 24/34
 44910 | Elf:1    | Reached skill level 16 in Necromancy
 45337 | Elf:1    | Identified the Disquisition on Confrontation
 46051 | Elf:1    | Found Xijaxu's Antique Weapon Shoppe.
 46927 | Elf:2    | Reached skill level 10 in Shields
 47429 | Elf:2    | Found a runed translucent gate.
 47430 | Elf:2    | Found a runed translucent gate.
 47431 | Elf:2    | Found a runed translucent gate.
 48528 | Elf:2    | Noticed a deep elf blademaster
 48543 | Elf:2    | Killed a deep elf blademaster
 49227 | Elf:2    | Reached XP level 18. HP: 98/158 MP: 1/36
 49622 | Elf:3    | Entered Level 3 of the Elven Halls
 50203 | Elf:3    | Noticed a deep elf blademaster
 50209 | Elf:3    | Killed a deep elf blademaster
 50564 | Elf:3    | Noticed a deep elf blademaster
 50566 | Elf:3    | Identified the +9 war axe of Anaetij {vorpal, +Fly rF-
                  | MP+9}
 50574 | Elf:3    | Killed a deep elf blademaster
 50584 | Elf:3    | Noticed a deep elf master archer
 50585 | Elf:3    | Noticed a deep elf master archer
 50598 | Elf:3    | Killed a deep elf master archer
 50601 | Elf:3    | Reached skill level 17 in Necromancy
 50603 | Elf:3    | Killed a deep elf master archer
 50862 | Elf:3    | Identified the +4 morningstar "Etraobam" {vorpal, rElec rF-
                  | rN+ Str+5}
 51412 | D:5      | Bought a scroll of enchant weapon for 97 gold pieces
 51412 | D:5      | Bought a scroll of teleportation for 39 gold pieces
 51412 | D:5      | Bought a scroll of teleportation for 39 gold pieces
 51412 | D:5      | Bought a scroll of teleportation for 39 gold pieces
 51412 | D:5      | Bought a scroll of teleportation for 39 gold pieces
 51412 | D:5      | Bought a scroll of enchant armour for 97 gold pieces
 51412 | D:5      | Bought a scroll of magic mapping for 45 gold pieces
 51440 | D:4      | Bought a scroll of enchant weapon for 180 gold pieces
 51440 | D:4      | Bought a potion of heal wounds for 120 gold pieces
 51440 | D:4      | Bought a potion of might for 96 gold pieces
 51440 | D:4      | Bought a potion of mutation for 192 gold pieces
 51449 | D:4      | Identified a +9 quick blade of pain (a +8 quick blade
                  | bloodied by Kikubaaqudgha)
 51449 | D:4      | Received a gift from Kikubaaqudgha
 51936 | Spider:1 | Entered Level 1 of the Spider Nest
 51946 | Spider:1 | Reached skill level 15 in Spellcasting
 52348 | Spider:1 | Reached skill level 1 in Short Blades
 52618 | Spider:1 | You fall into a shaft and drop 1 floor!
 53279 | Spider:2 | Noticed Roxanne
 53558 | Spider:2 | Killed Roxanne
 53559 | Spider:2 | Reached XP level 19. HP: 165/165 MP: 10/38
 54036 | Spider:3 | Reached skill level 5 in Short Blades
 56173 | Spider:4 | Entered Level 4 of the Spider Nest
 58048 | Spider:4 | Got a gossamer rune of Zot
 58314 | Swamp:1  | Entered Level 1 of the Swamp
 58328 | Swamp:1  | Identified the +8 flail "Difuvuett" {freeze, rElec rF+}
 58851 | Swamp:1  | Found a runed translucent door.
 59461 | Swamp:1  | Paralysed by you for 6 turns
 59469 | Swamp:1  | Identified the ring "Idax" {rF+ Will+ Int-4 Dex+6}
 59473 | Swamp:1  | Reached skill level 10 in Short Blades
 59473 | Swamp:1  | Identified the Collected Works on the Shifting Frostbite
 60156 | Swamp:2  | Learned a level 1 spell: Apportation
 60763 | Swamp:2  | Reached XP level 20. HP: 131/172 MP: 39/39
 61411 | Swamp:3  | Found a broken altar of Ashenzari.
 62920 | Swamp:4  | Entered Level 4 of the Swamp
 63124 | Swamp:4  | Found the +10 Black Knight's barding {ponderous, rPois rN+}
 63684 | Swamp:4  | Reached skill level 10 in Fighting
 64973 | Swamp:4  | Got a decaying rune of Zot
 65189 | Lair:1   | Learned a level 8 spell: Infestation
 65296 | Vaults:1 | Entered Level 1 of the Vaults
 65495 | Vaults:1 | Noticed Aizul
 65505 | Vaults:1 | Killed Aizul
 65554 | Vaults:1 | Reached skill level 10 in Stealth
 65868 | Vaults:1 | Noticed Donald
 65874 | Vaults:1 | Killed Donald
 66450 | Vaults:1 | Reached skill level 18 in Necromancy
 66520 | Vaults:1 | Reached XP level 21. HP: 119/187 MP: 23/40
 66816 | Vaults:1 | Found Apnidd's Book Shop.
 66992 | Vaults:2 | Noticed Sojobo
 67003 | Vaults:2 | Killed Sojobo
 67011 | Vaults:2 | Found a gateway to a bazaar.
 67028 | Bazaar   | Entered a bazaar
 67184 | Bazaar   | Found Loiggal's Jewellery Emporium.
 67200 | Bazaar   | Found Lazatomm's Antique Weapon Shoppe.
 67200 | Bazaar   | Found Namuphad's Antique Armour Emporium.
 67213 | Bazaar   | Bought a pair of glowing gloves for 142 gold pieces
 67213 | Bazaar   | Bought a slimy helmet for 180 gold pieces
 67213 | Bazaar   | Identified the +0 helmet of Loinn {Will+ Slay+6 Stlth+}
                  | (You bought it in a shop in a bazaar)
 67246 | Bazaar   | Found Dokh's Assorted Antiques.
 67246 | Bazaar   | Found Ohykafit's Weapon Emporium.
 67295 | Bazaar   | Bought an embroidered scarf for 208 gold pieces
 67295 | Bazaar   | Bought a potion of curing for 78 gold pieces
 67295 | Bazaar   | Bought a potion of ambrosia for 208 gold pieces
 67295 | Bazaar   | Bought a potion of might for 104 gold pieces
 67447 | Vaults:2 | Found a staircase to the Crypt.
 67658 | Vaults:2 | Noticed Saint Roka
 67667 | Vaults:2 | Killed Saint Roka
 68419 | Vaults:2 | Noticed Nikola
 68433 | Vaults:2 | Killed Nikola
 69417 | Vaults:2 | Acquired a staff of death
 70081 | Vaults:3 | Reached skill level 10 in Dodging
 72031 | Vaults:4 | Reached XP level 22. HP: 174/200 MP: 41/41
 72798 | Vaults:4 | Found Hygoac's Armour Boutique.
 73089 | Vaults:5 | Entered Level 5 of the Vaults
 73098 | Vaults:5 | Reached skill level 15 in Stealth
 73098 | Vaults:5 | Reached skill level 19 in Necromancy
 74124 | Vaults:5 | Identified the ring of Lust {rN+ Str+7}
 74689 | Vaults:5 | Noticed a golden dragon
 74786 | Vaults:5 | Killed a golden dragon
 75474 | Vaults:5 | Noticed a golden dragon
 75635 | Vaults:4 | Killed a golden dragon
 76950 | Vaults:5 | Identified the amulet "Cuenad" {Acrobat +Fly rN++}
 76996 | Vaults:5 | Identified the ring "Qiocs" {rN+ SInv}
 77241 | Vaults:5 | Identified the ring "Inulaul" {EV+4 Dex+6}
 77315 | Vaults:5 | Reached XP level 23. HP: 151/211 MP: 43/43
 77484 | Vaults:5 | Identified the +5 glaive "Rarphen" {venom, Int+4 Dex+5}
 77625 | Vaults:5 | Noticed a golden dragon
 77636 | Vaults:5 | Killed a golden dragon
 78026 | Vaults:5 | Identified Ciovva's Reference Book on Vitriolic Flames
 78336 | Vaults:5 | Noticed Xtahua
 78367 | Vaults:5 | Killed Xtahua
 78490 | Vaults:5 | Identified the Reference Book on Attacks and the Frostbite
 78549 | Vaults:5 | Noticed Mennas
 79203 | Vaults:5 | Got a silver rune of Zot
 79969 | Elf:3    | Identified the +5 great sword of Xesines {holy, +Inv rPois
                  | Will+}
 79990 | Elf:3    | Identified the ring "Ischehipt" {Ice *Contam +Fly Str+9
                  | Slay+4}
 80041 | Elf:3    | Identified Sif Muna's Tome of Warped Necromancy
 80058 | Elf:3    | Identified the +6 scale mail of Xaosul {+Fly}
 80059 | Elf:3    | Identified Suerph's Papyrus of Sinister Magic and Feathers
 80390 | Elf:3    | Found Wuic's Distillery.
 80402 | Elf:3    | Identified the +6 rapier "Beal" {vorpal, rElec Str+5}
 80420 | Elf:3    | Bought a potion of curing for 54 gold pieces
 80420 | Elf:3    | Bought a potion of might for 72 gold pieces
 80420 | Elf:3    | Bought a potion of might for 72 gold pieces
 80420 | Elf:3    | Bought a potion of might for 72 gold pieces
 80420 | Elf:3    | Bought a potion of mutation for 144 gold pieces
 81691 | Vaults:5 | Killed Mennas
 82700 | Slime:1  | Entered Level 1 of the Pits of Slime
 82789 | Slime:5  | Entered Level 5 of the Pits of Slime
 82871 | Slime:5  | Found a viscous altar of Jiyva.
 83283 | Slime:5  | Noticed the Royal Jelly
 83307 | Slime:5  | Killed the Royal Jelly
 83937 | Slime:5  | Got a slimy rune of Zot
 83963 | Slime:5  | Identified the Handbook of Flying Orientation
 83973 | Slime:5  | Identified the +5 spear of Dust {vorpal, +Blink rElec Int-3
                  | Stlth+}
 84415 | Crypt:1  | Entered Level 1 of the Crypt
 84446 | Crypt:1  | Found a runed translucent gate.
 84446 | Crypt:1  | Found a runed translucent gate.
 84446 | Crypt:1  | Found a runed translucent gate.
 84453 | Crypt:1  | Reached skill level 5 in Evocations
 84488 | Crypt:1  | Noticed Vailuoroe's ghost (veteran GrEE)
 84586 | Crypt:1  | Reached skill level 20 in Necromancy
 84589 | Crypt:1  | Reached XP level 24. HP: 185/223 MP: 17/43
 84977 | Crypt:1  | Reached skill level 1 in Long Blades
 85650 | Crypt:1  | Killed Vailuoroe's ghost
 86039 | Crypt:1  | Identified the +8 halberd "Jellybane" {flame, MP+9 Str+2
                  | Dex+3}
 86369 | Crypt:2  | Killed from afar by a deep elf death mage

Illustrated notes

Levels and vault maps discovered:
D:1:      dpeg_arrival_rooms_c, layout_rooms, serial_rivers,
          chequers_serial_rivers_small_b, chequers_serial_rivers_large_b,
          chequers_serial_rivers_small_a, chequers_serial_rivers_large_a,
          chequers_serial_rivers_small_3, chequers_serial_rivers_small_b,
          doesnt_xom_only_xom
D:2:      layout_basic, minmay_fractal_squares_5, uniq_robin
D:3:      layout_basic
D:4:      layout_gridville, minmay_temple_entry_large_hall, serial_shops, shop,
          kennysheep_mini, kennysheep_mini_moat, shop, hangedman_decor_growths
D:5:      layout_loops_ring, grunt_qazlal_clouds, lemuel_doored_altar,
          serial_shops, nicolae_shop_waterfront, enter_ossuary_2, uniq_sigmund,
          uniq_duvessa
D:6:      minmay_skewed_foursquare, layout_loops_ring,
          overflow_temple_1_default, kennysheep_generic_room_7, uniq_menkaure
D:7:      layout_basic, serial_shops, shop_coins, uniq_joseph, uniq_maggie,
          uniq_prince_ribbit1
D:8:      layout_loops_ring, amethyst_overflow_temple_binary
D:9:      layout_cave_pools, gammafunk_temple_overflow_elements, erik_orc_1,
          gammafunk_ghost_arena, sword_in_stone, uniq_erolcha, uniq_harold
D:10:     layout_loops_corners, nicolae_twisting_strands
D:11:     dragon1_lemuel, layout_cave_pools, david_lair_generic, serial_shops,
          kennysheep_little_box, portal_ice_cave_entry_imps, uniq_grum
D:12:     layout_rooms, enter_bailey_4, gauntlet_entry_generic, drop_trap,
          uniq_nergalle, uniq_psyche
D:13:     layout_stronghold, minmay_misc_feat_five
D:14:     minmay_the_grid_plus [minmay_the_grid_gridbox, minmay_the_grid_doors,
          minmay_the_grid_armoury, minmay_the_grid_minigrid_large,
          minmay_the_grid_prize_shrinking_boxes], layout_basic, erik_vaults_1,
          serial_corexii_hall, chequers_hall_statues_y,
          chequers_hall_statues_corner_a, chequers_serial_rivers_small_3,
          serial_shops, nicolae_shop_temple_entry_statues_fountains,
          grunt_decor_cap, uniq_snorg
D:15:     gammafunk_depths_entry_grave, layout_loops_corners, special_room
          [special_room_bee], hangedman_abyss_or_decor_stagger, fountainhead,
          hangedman_feature_mirror, uniq_azrael
Temple:   regret_index_temple_waves
Lair:1:   layout_loops_ring
Lair:2:   layout_cave_pods, minmay_swamp_entry_swarm, nzn_sisyphean_effort
Lair:3:   layout_long_grid, nicolae_spider_entry_tight_spaces,
          grunt_megastairs_4
Lair:4:   layout_small_grid, kennysheep_catoblepas_arena,
          minmay_lair_oklob_chamber
Lair:5:   layout_big_grid, dpeg_slime_entry_enclosed_altar, st_stairs_8
Lair:6:   evilmike_catoblepas_cave, layout_hall_layers
Swamp:1:  gammafunk_mikee_crab_dinner, layout_basic_swamp, hangedman_swamp_cone
Swamp:2:  layout_basic_swamp, nicolae_swamp_feature_on_the_river_bank,
          swamp_pool1, hangedman_swamp_grove
Swamp:3:  layout_falls_marsh, infiniplex_staircase_pool, swamp_pool1,
          nicolae_swamp_godswood, st_swamp_ruins_2
Swamp:4:  swamp, layout_basic_swamp
Spider:1: layout_spider_delve, hangedman_spider_tarantella_strand
Spider:2: layout_spider_delve, nicolae_spider_circle_web, drop_trap,
          guppyfry_spider_mini_3, uniq_roxanne
Spider:3: layout_spider_delve
Spider:4: spider_rune_water, spiders_nest_the_unseen
Slime:1:  cheibrodos_slime_lost_civilization_1, layout_caves
Slime:2:  layout_caves, nicolae_slime_barrier
Slime:3:  layout_caves, cheibrodos_slime_lost_civilization_6
Slime:4:  layout_caves
Slime:5:  uniq_dissolution
Orc:1:    layout_diamond_mine, gammafunk_ghost_cemetery
Orc:2:    st_orc_rangers, layout_diamond_mine, basic_altar
Elf:1:    elf_arrival_002, layout_loops_corners, serial_shops, shop,
          minmay_elf_annihilation, grunt_megastairs_1, uniq_jorgrun
Elf:2:    layout_geoelf_octagon
Elf:3:    elf_hall, layout_loops_ring, serial_shops, shop, grunt_ministairs_1,
          minivault_26
Vaults:1: nicolae_vaults_angled_halls, v_misc_12,
          nicolae_vaults_little_squares_2, vaults_mumra_hexcomb,
          vaults_dpeg_cross, nicolae_vaults_an_arrangement,
          vaults_standard_mumra_enter_the_diamond, nicolae_vaults_specimen_jars,
          layout_vaults_quadrants, serial_shops, shop, uniq_donald, uniq_aizul
Vaults:2: hangedman_vaults_nodes, vaults_room_door_ring,
          nicolae_vaults_puzzle_piece, hangedman_vaults_unwind,
          nicolae_vaults_little_ls, vaults_room_grunt_arrival_ludios, st_lines,
          ontoclasm_vaults_gateway, vaults_standard_mumra_enter_the_diamond,
          vaults_standard_mumra_enter_the_diamond, layout_vaults_omnibox,
          dummy_crypt_entry, serial_shops, bzr_entry_water, uniq_saint_roka,
          uniq_nikola, uniq_sojobo
Vaults:3: hangedman_vaults_trim, vaults_dpeg_hooks, v_misc_19,
          ontoclasm_vaults_twist, dpeg_vaults_monster_row, v_pattern_5,
          nicolae_vaults_yaktaur_gun_rack, vaults_room_fours, layout_vaults_ring
Vaults:4: nicolae_vaults_network_star, vaults_mumra_minichess,
          nicolae_vaults_little_squares_5, vaults_room_guarded_vault, v_misc_8,
          vaults_dpeg_doors, v_misc_25, nicolae_vaults_theta,
          layout_vaults_chaotic_city, serial_shops, shop
Vaults:5: serial_shops, uniq_mennas, uniq_xtahua
Crypt:1:  layout_gridlike, gammafunk_ghost_spectres, nicolae_crypt_niches,
          chequers_hall_statues_y
Crypt:2:  lemuel_vampire_tower, layout_rooms, amcnicky_altar_gilded,
          lemuel_elevator, grunt_megastairs_5

Skill      XL: |  1  2  3  4  5  6  7  8  9 10 11 12 13 14 15 16 17 18 19 20 21 22 23 24 |
---------------+-------------------------------------------------------------------------+-----
Poison Magic   | 5 6 7 8 9 10 11 | 11.5
Spellcasting   | 3 4 5 6 7 8 10 11 12 13 14 15 16 17 | 17.0
Shields        | 1 2 3 4 5 8 11 | 11.8
Stealth        | 4 5 6 11 14 16 18 | 18.4
Necromancy     | 1 2 4 7 9 10 11 12 13 14 15 16 17 18 19 20 | 20.1
Fighting       | 5 7 8 9 11 12 13 14 | 14.6
Armour         | 3 5 |  5.5
Evocations     | 1 4 5 |  5.6
Dodging        | 4 5 6 8 9 10 11 | 11.7
Earth Magic    | 2 6 9 |  9.0
Ice Magic      | 5 7 9 |  9.5
Short Blades   | 4 10 11 | 11.1
Long Blades    | 2 |  2.3
Transmutations | |  1.0

Action                   |  1- 3 |  4- 6 |  7- 9 | 10-12 | 13-15 | 16-18 | 19-21 | 22-24 || total
-------------------------+-------+-------+-------+-------+-------+-------+-------+-------++-------
Melee: Dagger            |     4 |       |       |       |       |       |       |       ||     4
       Short sword       |    18 |   118 |   178 |       |     9 |       |       |       ||   323
       Mace              |     2 |       |       |       |       |       |       |       ||     2
       Flail             |       |       |    40 |    62 |   117 |   100 |       |       ||   319
       Falchion          |       |       |       |     8 |       |       |       |       ||     8
       Staff             |       |       |       |    90 |    35 |    30 |     4 |       ||   159
       Constrict         |       |       |       |       |    27 |    27 |   149 |    53 ||   256
       Quick blade       |       |       |       |       |       |    80 |  1121 |   550 ||  1751
       Unarmed           |       |       |       |       |       |       |     3 |       ||     3
       Eudemon blade     |       |       |       |       |       |       |       |    52 ||    52
       Rapier            |       |       |       |       |       |       |       |    10 ||    10
 Cast: Sting             |    19 |    11 |    19 |    17 |    50 |     7 |       |     5 ||   128
       Poisonous Vapours |    17 |    17 |     3 |     4 |     2 |    17 |       |     2 ||    62
       Ignite Poison     |       |     6 |    40 |    80 |   192 |   155 |    68 |    38 ||   579
       Mephitic Cloud    |       |     4 |    19 |     8 |     2 |     2 |     2 |     1 ||    38
       Olgreb's Toxic Ra |       |       |    22 |    88 |   209 |   171 |    78 |    48 ||   616
       Dispel Undead     |       |       |       |    22 |    16 |    48 |    41 |    83 ||   210
       Corpse Rot        |       |       |       |     2 |     3 |       |     3 |       ||     8
       Death Channel     |       |       |       |     1 |    23 |    19 |    25 |    10 ||    78
       Borgnjor's Vile C |       |       |       |       |    39 |    69 |    28 |    25 ||   161
       Simulacrum        |       |       |       |       |       |    25 |    28 |    12 ||    65
       Infestation       |       |       |       |       |       |       |     8 |    14 ||    22
Invok: Receive Corpses   |       |       |       |     2 |     3 |    10 |     6 |     6 ||    27
       Brand Weapon With |       |       |       |       |       |     1 |       |       ||     1
 Abil: Spit Poison       |    19 |     4 |     1 |     5 |     1 |     1 |       |       ||    31
Evoke: Wand              |       |       |     1 |    12 |    20 |     9 |       |       ||    42
       Lightning rod     |       |       |       |       |     7 |     6 |       |       ||    13
       Phantom mirror    |       |       |       |       |     1 |     4 |     1 |     2 ||     8
  Use: Scroll            |     2 |     8 |     5 |    10 |     8 |    14 |    10 |    17 ||    74
       Potion            |     2 |     2 |     7 |     5 |     4 |     8 |     6 |    14 ||    48
 Stab: Sleeping          |     1 |     6 |     6 |       |     1 |     1 |    49 |    18 ||    82
       Distracted        |       |       |       |     1 |     2 |     2 |     6 |     6 ||    17
       Petrified         |       |       |       |     1 |       |       |       |       ||     1
       Paralysed         |       |       |       |       |     7 |     7 |       |       ||    14
Armor: Robe              |    17 |    51 |    88 |   187 |   365 |   320 |   558 |   221 ||  1807
       Leather armour    |       |       |    43 |   101 |       |       |       |       ||   144
       Skin              |       |       |       |       |    10 |       |     1 |       ||    11
Dodge: Dodged            |    28 |    64 |   140 |   174 |   235 |   202 |   357 |   281 ||  1481
Block: Buckler           |     2 |    28 |    61 |    93 |   143 |    47 |       |       ||   374
       Kite shield       |       |       |       |       |       |   169 |   528 |   289 ||   986
       Rpst.: Falchion   |       |       |       |     3 |       |       |       |       ||     3
       Eudemon blade     |       |       |       |       |       |       |       |    20 ||    20

Table legend: (Time is in decaauts)
 A = Elapsed time spent in this place.
 B = Non-inter-level travel time spent in this place.
 C = Inter-level travel time spent in this place.
 D = Time resting spent in this place.
 E = Time spent auto-exploring this place.
 F = Levels seen in this place.
 G = Mean time per level.
                   A        B        C        D        E       F      G
               +--------+--------+--------+--------+--------+-----+--------+
         Total | 100442 |  92608 |   7834 |  24297 |  53935 |  51 | 1969.5 |
       Dungeon |  32183 |  28894 |   3289 |   5356 |  19463 |  15 | 2145.5 |
        Temple |    177 |    137 |     40 |      0 |     89 |   1 |  177.0 |
          Lair |  14183 |  12737 |   1446 |   2683 |   8667 |   6 | 2363.8 |
         Swamp |   8060 |   7596 |    464 |   2589 |   3692 |   4 | 2015.0 |
   Spider Nest |   7197 |   6804 |    393 |    959 |   4713 |   4 | 1799.2 |
    Slime Pits |   1478 |   1448 |     30 |    927 |      0 |   5 |  295.6 |
  Orcish Mines |   4550 |   3986 |    564 |    992 |   2463 |   2 | 2275.0 |
   Elven Halls |   9220 |   8640 |    580 |   3139 |   4027 |   3 | 3073.3 |
        Vaults |  16452 |  15469 |    983 |   4262 |   8780 |   5 | 3290.4 |
         Crypt |   2210 |   2170 |     40 |    568 |   1271 |   2 | 1105.0 |
        Bazaar |    439 |    439 |      0 |      0 |    251 |   1 |  439.0 |
       Ossuary |   1613 |   1613 |      0 |   1043 |    203 |   1 | 1613.0 |
        Bailey |    490 |    490 |      0 |    286 |      0 |   1 |  490.0 |
      Ice Cave |   2184 |   2184 |      0 |   1489 |    313 |   1 | 2184.0 |
               +--------+--------+--------+--------+--------+-----+--------+

Top non-repeatable levels by time:
Vaults:4: 5444 daAuts
Vaults:5: 3861 daAuts
   Elf:2: 3787 daAuts
    D:14: 3495 daAuts
   Elf:1: 3473 daAuts
 Swamp:3: 3381 daAuts
  Lair:4: 3283 daAuts
  Lair:6: 3054 daAuts
    D:15: 2983 daAuts
     D:9: 2952 daAuts
Vaults:2: 2927 daAuts
   Orc:2: 2797 daAuts
    D:10: 2705 daAuts
    D:13: 2470 daAuts
     D:2: 2468 daAuts
